 Dungeon Crawl Stone Soup version 0.22.1-1-ga44c0e5 (webtiles) character file.

42 Fang the Skirmisher (level 3, -1/24 HPs)
             Began as a Gargoyle Berserker on Sept 24, 2018.
             Was a Believer of Trog.
             Slain by Natasha (8 damage)
             ... on level 2 of the Dungeon.
             The game lasted 00:00:44 (860 turns).

Fang the Skirmisher (Gargoyle Berserker)             Turns: 860, Time: 00:00:45

Health: -1/24      AC:  5    Str: 21    XL:     3   Next: 56%
Magic:  3/3        EV: 12    Int:  7    God:    Trog [**....]
Gold:   50         SH:  0    Dex:  9    Spells: 2/2 levels left

rFire    x . .     SeeInvis .   a - +0 hand axe
rCold    + . .     Gourm    .   (no shield)
rNeg     + . .     Faith    .   b - +0 animal skin
rPois    ∞         Spirit   .   (no helmet)
rElec    +         Reflect  .   (no cloak)
rCorr    .         Harm     .   (no gloves)
MR       .....                  (no boots)
Stlth    +.........             (no amulet)
HPRegen  0.08/turn              g - ring of ice
MPRegen  0.08/turn              (no ring)

@: berserk cooldown, slowed, very slow
A: negative energy resistance 1, electricity resistance, unbreathing,
petrification resistance, rot immunity, AC +3
a: Berserk, Trog's Hand, Renounce Religion


You were on level 2 of the Dungeon.
You worshipped Trog.
Trog was pleased with you.
You were hungry.

You visited 1 branch of the dungeon, and saw 2 of its levels.

You collected 50 gold pieces.

Inventory:

Hand Weapons
 a - a +0 hand axe (weapon)
Armour
 b - a +0 animal skin (worn)
Jewellery
 g - a ring of ice (left hand)
Scrolls
 e - a scroll of remove curse {unknown}
 f - a scroll of fog {unknown}
Potions
 d - a potion of lignification {unknown}
Comestibles
 c - 2 rations


   Skills:
 + Level 4.0 Fighting
 + Level 3.2 Axes
 + Level 2.6 Armour
 + Level 1.8 Dodging


You had 2 spell levels left.
You didn't know any spells.
Your spell library was empty.

Dungeon Overview and Level Annotations

Branches:
Dungeon (2/15)

Altars:

Annotations:
D:2 Natasha


Innate Abilities, Weirdness & Mutations

You are resistant to torment.
Your stone body is resilient. (AC +3)
You are immune to poison.
You resist negative energy. (rN+)
You are resistant to electric shocks. (rElec)
You can survive without breathing.
You are immune to petrification.
You are immune to rotting.


Message History

Trog accepts your kill.
You hit the hobgoblin but do no damage. You closely miss Natasha.
Natasha casts a spell at you. You resist with significant effort.
The hobgoblin barely misses you.
The giant cockroach bites you but does no damage.
The giant cockroach misses you. Natasha claws you. The hobgoblin misses you.
You hit the giant cockroach.
You kill the giant cockroach!
Trog accepts your kill.
You can now call upon Trog for regeneration and magic resistance.
You hit the giant cockroach but do no damage.
You hit the hobgoblin.
You kill the hobgoblin!
Trog accepts your kill.
Your Fighting skill increases to level 4!
You barely miss Natasha. The giant cockroach bites you.
* * * LOW HITPOINT WARNING * * *
A hobgoblin comes into view. It is wielding a club.
Natasha claws you!
You die...

..# # #.# #. #####
#.# #.# #.#.# #.#
......). #<##
#.#.#.###..#
.rg5..###.#
.#.#.#h#.## #.#
......5@..# #†# #
.#.#.#s#†####.##.#.#
....5...$.........#
#.#.#.#.####.##.###
........ #.# #
#.#.#.#.# #.#
.....g.... ...
.#.#.#.#.# #.# ..".
... ...


You could see Natasha, a crimson imp, a white imp, a giant cockroach, a
hobgoblin (wandering), a goblin and a rat.

Vanquished Creatures
  2 adders (D:2)
  An ooze (D:1)
  A leopard gecko (D:1)
  4 bats (D:1)
  A giant cockroach (D:2)
  A goblin (D:1)
  3 hobgoblins
  A ball python (D:1)
  2 frilled lizards (D:1)
  A kobold (D:1)
  5 rats
22 creatures vanquished.

Notes
Turn   | Place    | Note
-------+----------+-------------------------------------------
     0 | D:1      | Fang the Gargoyle Berserker began the quest for the Orb.
     0 | D:1      | Reached XP level 1. HP: 14/14 MP: 1/1
   168 | D:1      | Reached XP level 2. HP: 19/19 MP: 2/2
   849 | D:2      | Noticed Natasha
   853 | D:2      | Noticed a crimson imp
   855 | D:2      | Reached XP level 3. HP: 23/24 MP: 3/3
   860 | D:2      | Reached ** piety under Trog
   860 | D:2      | Reached skill level 4 in Fighting
   860 | D:2      | Slain by Natasha

Skill      XL: |  1  2  3 |
---------------+----------+-----
Axes           | 3 |  3.2
Fighting       | 4 |  4.0
Armour         | |  2.6
Dodging        | |  1.8

Action                   || total
-------------------------++-------
Melee: Hand axe          ||    56
Invok: Berserk           ||     1
Armor: Animal skin       ||    24
Dodge: Dodged            ||    59
